 Dungeon Crawl Stone Soup version 0.30-a0-939-gc8157cb160 (webtiles) character file.

Game seed: 3775339041918194982

1951 jimonade the Carver (level 9, -3/75 HPs)
             Began as a Hill Orc Fighter on Mar 25, 2023.
             Was an Initiate of Beogh.
             Slain by a killer bee (4 damage)
             ... on level 7 of the Dungeon.
             The game lasted 00:07:38 (3860 turns).

jimonade the Carver (Hill Orc Fighter)              Turns: 3860, Time: 00:07:38

Health: -3/75      AC: 10    Str: 19    XL:     9   Next: 18%
Magic:  14/14      EV:  7    Int: 10    God:    Beogh [......]
Gold:   199        SH:  5    Dex: 12    Spells: 8/8 levels left

rFire   . . .      SeeInvis .    a - +7 Throatcutter {drain, coup de grace}
rCold   . . .      Faith    .    c - +0 buckler
rNeg    . . .      Spirit   .    j - +0 chain mail
rPois   .          Reflect  .    (no helmet)
rElec   .          Rampage  .    (no cloak)
rCorr   .                        (no gloves)
Will    .....                    (no boots) Stlth
                                 (no amulet)
HPRegen 0.32/turn                v - ring of flight
MPRegen 0.14/turn                (no ring)

@: mighty, lethally poisoned (-3 -> -26), flying
A: no striking features
a: Renounce Religion


You were on level 7 of the Dungeon.
You worshipped Beogh.
Beogh was noncommittal.
You visited 1 branch of the dungeon, and saw 6 of its levels.

You collected 199 gold pieces.

Inventory:

Hand Weapons
 a - the +7 Throatcutter (weapon) {drain, coup de grace}
   (You found it on level 2 of the Dungeon)
 b - a +0 war axe
 r - a +0 trident
 y - a +0 dire flail
Armour
 c - a +0 buckler (worn)
 e - a +0 ring mail
 j - a +0 chain mail (worn)
 m - a +0 scale mail
 z - a +0 chain mail
 E - a +0 chain mail
Jewellery
 v - a ring of flight (left hand)
Wands
 A - a wand of light (9)
 G - a wand of paralysis (6)
Scrolls
 f - a scroll of noise {unknown}
 g - a scroll of blinking {unknown}
 h - 2 scrolls of vulnerability {unknown}
 n - a scroll of torment {unknown}
 o - a scroll of fog {unknown}
 p - 4 scrolls of identify {unknown}
 s - 2 scrolls of silence {unknown}
 t - 5 scrolls of teleportation {unknown}
 w - a scroll of acquirement {unknown}
 B - 2 scrolls of magic mapping {unknown}
 D - a scroll of amnesia {unknown}
Potions
 d - 2 potions of might
 i - a potion of degeneration {unknown}
 k - 3 potions of lignification {unknown}
 l - a potion of invisibility {unknown}
 q - 2 potions of curing {unknown}
 u - 2 potions of heal wounds {unknown}
 x - a potion of flight {unknown}
 C - a potion of brilliance {unknown}
 F - a potion of resistance {unknown}


   Skills:
 + Level 5.8 Fighting
 + Level 8.1 Long Blades
 - Level 3.5 Axes
 + Level 6.3 Armour
 + Level 4.6 Shields
 * Level 6.8 Invocations


You had 8 spell levels left.
You didn't know any spells.
Your spell library contained the following spells:

 Spells                   Type           Power      Damage    Failure   Level
 Beastly Appendage        Tmut           0%         N/A       99%         1
 Wereblood                Tmut           0%         N/A       100%        2
 Portal Projectile        Hex/Tloc       0%         N/A       100%        3
 Spider Form              Tmut/Pois      0%         N/A       100%        3
 Cause Fear               Hex            0%         N/A       100%        4
 Fulminant Prism          Conj/Hex       0%         3d5       100%        4
 Leda's Liquefaction      Hex/Erth       0%         N/A       100%        4
 Lee's Rapid Deconstruct  Erth           0%         3d4*      100%        5
 Statue Form              Tmut/Erth      0%         N/A       100%        6
 Discord                  Hex            0%         N/A       100%        8


Dungeon Overview and Level Annotations

Branches:
Dungeon (7/15)             Temple (0/1) D:6

Altars:
Ashenzari
Elyvilon
Qazlal
Uskayaw
Zin

Shops:
D:2 *


Message History

The killer bee stings you but does no damage.
You block the killer bee's attack.
You are too injured to fight recklessly!
You are too injured to fight recklessly!
You slash the killer bee!
You behead the killer bee!
You kill the killer bee!
Beogh accepts your kill.
You feel sick.
The killer bee stings you but does no damage. x2
You block the killer bee's attack.
You slice the killer bee!!
You kill the killer bee!
Beogh accepts your kill.
You feel sick.
The killer bee stings you but does no damage.
The killer bee stings you.
You slash the orc!
You kill the orc!
Beogh accepts your kill.
You feel sick. You block the killer bee's attack. x2
You closely miss the killer bee.
You feel sick. The killer bee stings you!
* * * LOW HITPOINT WARNING * * *
You are more poisoned.
The killer bee poisons you!
The killer bee stings you but does no damage. x2
The killer bee stings you.
* * * LOW HITPOINT WARNING * * *
You are lethally poisoned!
The killer bee poisons you!
You slash the killer bee!
The killer bee is almost dead.
* * * LOW HITPOINT WARNING * * *
You feel very sick. You block the killer bee's attack.
The killer bee stings you.
* * * LOW HITPOINT WARNING * * *
You are more poisoned.
The killer bee poisons you! The killer bee stings you.
* * * LOW HITPOINT WARNING * * *
The killer bee stings you.
You die...

....###......#............####...
. ###...................#.... #
#....#..............#.)†#.
....####...#..............##.###
#.......# .............#.....
##....#..## ##................
#.....##..# ##)...............
#....###..# #..##.............
#.... ##.## #@y##...#.........
.......#..####y###..##.........
...###..#...##yo#...............
.## ##...........oy#...........
#.#........#..#...........
~~~#......###.....##..#....
#.~≈≈≈~##....#......###..##...
..~≈.~~ #.............#..##..#
#.~≈≈≈~ #............##......#


You could see 3 killer bees and an orc.

Vanquished Creatures
  A steam dragon (D:7)
  A water moccasin (D:7)
  Duvessa (D:6)
  An ice beast (D:6)
  A sky beast (D:6)
  An orc warrior (D:4)
  An ogre (D:4)
  3 centaurs (D:7)
  2 phantoms (D:6)
  3 scorpions
  Dowan (D:6)
  2 killer bees (D:7)
  5 hounds
  An iguana (D:4)
  2 orc priests (D:7)
  A sleepcap (D:3)
  5 orc wizards
  A gnoll (D:4)
  5 adders
  A shadow imp (D:4)
  A white imp (D:6)
  An ufetubus (D:6)
  A worm (D:4)
  3 dart slugs
  14 orcs
  9 ball pythons
  6 endoplasms
  2 giant cockroaches (D:1)
  10 goblins
  11 hobgoblins
  4 quokkas
  7 bats
  2 frilled lizards (D:3)
  6 kobolds
  3 rats
119 creatures vanquished.

Vanquished Creatures (others)
  A phantom (D:6)
  A scorpion (D:6)
2 creatures vanquished.

Grand Total: 121 creatures vanquished

Notes
Turn   | Place    | Note
-------+----------+-------------------------------------------
     0 | D:1      | jimonade the Hill Orc Fighter began the quest for the Orb.
     0 | D:1      | Reached XP level 1. HP: 19/19 MP: 1/1
   103 | D:1      | Upgraded the game from 0.30-a0-937-ga0a21ad780 to
                  | 0.30-a0-939-gc8157cb160
   120 | D:1      | Reached XP level 2. HP: 27/27 MP: 2/2
   171 | D:1      | Reached skill level 1 in Invocations
   287 | D:1      | Reached XP level 3. HP: 33/33 MP: 3/3
   751 | D:2      | Found a faded altar of an unknown god.
   825 | D:2      | Found Xeveadgh's Assorted Antiques.
   838 | D:2      | Found the +7 Throatcutter {drain, coup de grace}
   866 | D:2      | Found a hide-covered altar of Uskayaw.
  1462 | D:3      | Found a stormy altar of Qazlal.
  1546 | D:3      | Reached XP level 4. HP: 28/40 MP: 5/5
  1549 | D:3      | Reached skill level 1 in Long Blades
  1923 | D:3      | Reached XP level 5. HP: 44/46 MP: 5/7
  2124 | D:4      | Reached skill level 2 in Long Blades
  2245 | D:4      | Reached skill level 3 in Long Blades
  2245 | D:4      | Reached XP level 6. HP: 45/53 MP: 8/8
  2279 | D:4      | Noticed an orc warrior
  2283 | D:4      | Killed an orc warrior
  2396 | D:4      | Found a broken altar of Ashenzari.
  2517 | D:4      | Reached skill level 4 in Long Blades
  2517 | D:4      | Reached XP level 7. HP: 58/60 MP: 10/10
  2791 | D:4      | You are sucked into a shaft and drop 2 floors!
  2823 | D:6      | Noticed Duvessa
  2854 | D:6      | Noticed Dowan
  2857 | D:6      | Killed Duvessa
  2858 | D:6      | Reached skill level 5 in Armour
  2861 | D:6      | Killed Dowan
  2862 | D:6      | Reached skill level 5 in Long Blades
  2912 | D:6      | Reached skill level 5 in Invocations
  2912 | D:6      | Reached XP level 8. HP: 67/67 MP: 11/11
  2963 | D:6      | Reached skill level 5 in Fighting
  2983 | D:6      | Found a white marble altar of Elyvilon.
  3039 | D:6      | Reached skill level 6 in Long Blades
  3131 | D:6      | Found a staircase to the Ecumenical Temple.
  3207 | D:6      | Became a worshipper of Beogh the Brigand
  3354 | D:6      | Found a glowing silver altar of Zin.
  3609 | D:7      | Reached skill level 7 in Long Blades
  3666 | D:7      | Got the Quarto of Imprecation
  3782 | D:7      | Reached XP level 9. HP: 75/75 MP: 13/13
  3835 | D:7      | Reached skill level 8 in Long Blades
  3860 | D:7      | HP: 1/75 [killer bee (5)]
  3860 | D:7      | Slain by a killer bee

Illustrated notes

Levels and vault maps discovered:
D:1:      dpeg_arrival_tiny_a, layout_loops_ring, solitary_fountain
D:2:      layout_loops_ring, serial_shops, nicolae_diamond_shop,
          ebering_ecumenical_altar_abandoned, basic_altar
D:3:      layout_loops_ring, old_standard_altar, corexii_shack
D:4:      minmay_inner_zag, layout_loops_ring, minitemple, st_stairs_6,
          pf_guarded_unrand_woodcutter, uniq_sigmund, uniq_ijyb
D:6:      layout_loops_ring, elyvilon_altar_5, zin_scriptorium,
          minmay_temple_entry_offerings, hellmonk_bongcloud_opening,
          uniq_duvessa
D:7:      layout_cave_pools, kennysheep_slug_shrine, grunt_livestock

Skill      XL: |  1  2  3  4  5  6  7  8  9 |
---------------+----------------------------+-----
Invocations    | 1 3 4 5 6 |  6.8
Axes           | 3 |  3.5
Fighting       | 4 5 |  5.8
Long Blades    | 1 3 4 5 7 8 |  8.1
Armour         | 4 5 6 |  6.3
Shields        | 4 |  4.6

Action                     |  1- 3 |  4- 6 |  7- 9 || total
---------------------------+-------+-------+-------++-------
  Melee: War axe           |    82 |       |       ||    82
         Long sword        |    26 |    54 |   101 ||   181
 Invoke: Convert to Beogh  |       |       |     1 ||     1
  Evoke: Wand              |       |       |     1 ||     1
    Use: Potion            |       |       |     1 ||     1
 Armour: Scale mail        |    28 |       |       ||    28
         Chain mail        |    31 |    25 |    66 ||   122
  Dodge: Dodged            |    38 |    12 |    37 ||    87
  Block: Buckler           |    22 |    13 |    23 ||    58

Table legend: (Time is in decaauts)
 A = Elapsed time spent in this place.
 B = Non-inter-level travel time spent in this place.
 C = Inter-level travel time spent in this place.
 D = Time resting spent in this place.
 E = Time spent auto-exploring this place.
 F = Levels seen in this place.
 G = Mean time per level.
                   A        B        C        D        E       F      G
               +--------+--------+--------+--------+--------+-----+--------+
         Total |   3929 |   3828 |    101 |     14 |   2858 |   6 |  654.8 |
       Dungeon |   3929 |   3828 |    101 |     14 |   2858 |   6 |  654.8 |
               +--------+--------+--------+--------+--------+-----+--------+

Top non-repeatable levels by time:
     D:6: 806 daAuts
     D:2: 742 daAuts
     D:3: 705 daAuts
     D:1: 703 daAuts
     D:4: 698 daAuts
     D:7: 273 daAuts
